 Dungeon Sprint DCSS version 0.27-a0-1139-g28e009f8a6 (webtiles) character file.

Game seed: 631856141828434895

267 mhtbhm the Thaumaturge (level 6, -19/32 HPs)
             Began as a Deep Elf Earth Elementalist on May 7, 2021.
             Was an Elder of Vehumet.
             Hit by a large rock thrown by a cyclops (51 damage)
             ... in the Dungeon (Sprint VII: "The Pits").
             The game lasted 00:01:52 (807 turns).

mhtbhm the Thaumaturge (Deep Elf Earth Elementalist) Turns: 807, Time: 00:01:52

Health: -19/32     AC:  2    Str:  5    XL:     6   Next: 0%
Magic:  11/21      EV: 14    Int: 22    God:    Vehumet [****..]
Gold:   0          SH:  0    Dex: 15    Spells: 6/25 levels left

rFire    . . .     SeeInvis .   l - +0 mace (protect)
rCold    . . .     Faith    .   (no shield)
rNeg     . . .     Spirit   .   c - +0 robe
rPois    .         Reflect  .   (no helmet)
rElec    .         Harm     .   (no cloak)
rCorr    .         Rampage  .   (no gloves)
Will     .....     NoTele   +   (no boots)
Stlth    +++.......             (no amulet)
HPRegen  0.10/turn              (no ring)
MPRegen  0.17/turn              (no ring)

@: no status effects
A: no striking features
a: Renounce Religion


You were in the Dungeon.
You worshipped Vehumet.
Vehumet was greatly pleased with you.
You visited 1 branch

Inventory:

Hand Weapons
 l - a +0 mace of protection (weapon)
Missiles
 b - 19 stones
Armour
 c - a +0 robe (worn)
Scrolls
 i - a scroll of blinking
 j - 5 scrolls of amnesia
 k - a scroll of summoning
Potions
 a - 2 potions of invisibility
 d - 6 potions of curing
 e - 6 potions of heal wounds
 f - a potion of haste
 g - 4 potions of magic
 h - 3 potions of berserk rage


   Skills:
 + Level 5.4 Dodging
 + Level 4.7 Stealth
 + Level 10.4 Spellcasting
 + Level 1.1 Transmutations
 + Level 9.6 Earth Magic


You had 6 spell levels left.
You knew the following spells:

 Your Spells              Type           Power      Damage    Failure   Level
a - Sandblast             Erth           100%       2d20      1%          1
b - Passwall              Tmut/Erth      29%        N/A       1%          2
c - Stone Arrow           Conj/Erth      64%        3d11      1%          3
d - Lee's Rapid Deconstr  Erth           26%        3d15*     1%          5
e - Petrify               Tmut/Erth      35%        N/A       6%          4
f - Sticky Flame          Conj/Fire      11%        2d3       16%         4

Your spell library contained the following spells:

 Spells                   Type           Power      Damage    Failure   Level


Dungeon Overview and Level Annotations

Branches:
Dungeon (1/1)

Altars:
Ashenzari
Cheibriados
Dithmenos
Elyvilon
Fedhas
Gozag
Hepliaklqana
Kikubaaqudgha
Makhleb
Nemelex Xobeh
Okawaru
Qazlal
Ru
Sif Muna
Trog
Uskayaw
Vehumet
Wu Jian
Xom
Yredelemnul
Zin
The Shining One
Beogh
Jiyva
Lugonu


Message History

Vehumet offers you knowledge of Sticky Flame.
Unknown command.
There is an open door here.
You start resting.
HP restored.
This spell is extremely dangerous to cast!
Memorise Sticky Flame, consuming 4 spell levels and leaving 6?
Vehumet grants you knowledge of Sticky Flame.
You start memorising the spell.
You continue memorising. x4
You finish memorising.
You add the spell Sticky Flame to your library.
Spell assigned to 'f'.
You open the door.
A cyclops comes into view.
Unknown command.
Casting: Lee's Rapid Deconstruction (quite dangerous; 1% risk of failure)
Confirm with . or Enter, or press ? or * to list all spells.
The spell is quite dangerous to cast (1% risk of failure)!
Continue anyway?
Aiming: Lee's Rapid Deconstruction (quite dangerous; 1% risk of failure)
Press: ? - help, Dir - move target A metal wall.
The metal wall shatters!
The blast of metal fragments hits the cyclops!!
The cyclops is heavily wounded.
The cyclops shouts!
Unknown command.
Unknown command.
Casting: Lee's Rapid Deconstruction (quite dangerous; 1% risk of failure)
Confirm with . or Enter, or press ? or * to list all spells.
The spell is quite dangerous to cast (1% risk of failure)!
Continue anyway?
Aiming: Lee's Rapid Deconstruction (quite dangerous; 1% risk of failure)
Press: ? - help, Dir - move target A metal wall.
The metal wall shatters!
The blast of metal fragments hits the cyclops!!
The cyclops is almost dead.
You hear a shout!
The cyclops throws a large rock.
The large rock hits you!!!
Ouch! That really hurt!
You die...

#.#........##.......#
#'###########.......#
#.†.....# #########
#.###...# #.#...).#
#.#...#.#+#
#.....#.#C+
#...###.#'#
#.......'@#
###########


You could see a cyclops.

Vanquished Creatures
  A floating eye (D)
  A black bear (D)
  A crimson imp (D)
  A mummy (D)
  A gnoll (D)
  2 orcs (D)
  2 jackals (D)
  A ball python (D)
  2 frilled lizards (D)
  A kobold (D)
  4 rats (D)
17 creatures vanquished.

Notes
Turn   | Place    | Note
-------+----------+-------------------------------------------
     0 | D        | mhtbhm the Deep Elf Earth Elementalist began the quest for
                  | the Orb.
     0 | D        | Reached XP level 1. HP: 10/10 MP: 6/6
    18 | D        | Found a bloodstained altar of Trog.
    18 | D        | Found a shimmering blue altar of Sif Muna.
    18 | D        | Found a viscous altar of Jiyva.
    18 | D        | Found a hazy altar of Hepliaklqana.
    18 | D        | Found an opulent altar of Gozag.
    19 | D        | Found a glowing golden altar of the Shining One.
    19 | D        | Found a glowing silver altar of Zin.
    19 | D        | Found a basalt altar of Yredelemnul.
    19 | D        | Found a shimmering altar of Xom.
    19 | D        | Found an ornate altar of the Wu Jian Council.
    19 | D        | Found a sacrificial altar of Ru.
    19 | D        | Found a stormy altar of Qazlal.
    19 | D        | Found an iron altar of Okawaru.
    19 | D        | Found a sparkling altar of Nemelex Xobeh.
    19 | D        | Found a burning altar of Makhleb.
    19 | D        | Found a blossoming altar of Fedhas.
    19 | D        | Found a white marble altar of Elyvilon.
    19 | D        | Found a shadowy altar of Dithmenos.
    19 | D        | Found a snail-covered altar of Cheibriados.
    21 | D        | Found a radiant altar of Vehumet.
    21 | D        | Found a corrupted altar of Lugonu.
    22 | D        | Found a hide-covered altar of Uskayaw.
    22 | D        | Found an ancient bone altar of Kikubaaqudgha.
    22 | D        | Found a broken altar of Ashenzari.
    29 | D        | Became a worshipper of Vehumet
   216 | D        | Reached * piety under Vehumet
   216 | D        | Offered knowledge of Shock by Vehumet.
   218 | D        | Reached skill level 4 in Spellcasting
   218 | D        | Reached XP level 2. HP: 5/15 MP: 1/9
   416 | D        | Learned a level 2 spell: Passwall
   423 | D        | Reached ** piety under Vehumet
   423 | D        | Offered knowledge of Searing Ray by Vehumet.
   433 | D        | Reached skill level 5 in Spellcasting
   433 | D        | Reached skill level 5 in Earth Magic
   433 | D        | Reached XP level 3. HP: 19/19 MP: 6/11
   437 | D        | Learned a level 3 spell: Stone Arrow
   571 | D        | Noticed a black bear
   582 | D        | Killed a black bear
   582 | D        | Reached *** piety under Vehumet
   583 | D        | Reached skill level 8 in Spellcasting
   583 | D        | Reached XP level 4. HP: 24/24 MP: 9/16
   597 | D        | Noticed a floating eye
   604 | D        | Paralysed by a floating eye for 2 turns
   606 | D        | Killed a floating eye
   607 | D        | Reached skill level 5 in Dodging
   607 | D        | Reached skill level 10 in Spellcasting
   607 | D        | Reached XP level 5. HP: 28/28 MP: 9/19
   613 | D        | Learned a level 5 spell: Lee's Rapid Deconstruction
   618 | D        | Learned a level 4 spell: Petrify
   632 | D        | Offered knowledge of Poisonous Vapours by Vehumet.
   646 | D        | Reached **** piety under Vehumet
   647 | D        | Reached XP level 6. HP: 31/32 MP: 6/21
   778 | D        | Offered knowledge of Sticky Flame by Vehumet.
   804 | D        | Learned a level 4 spell: Sticky Flame
   805 | D        | Noticed a cyclops
   807 | D        | Hit by a large rock thrown by a cyclops

Illustrated notes

Levels and vault maps discovered:
D:        pitsprint [storerooms_1, entrance_room_1, metal_vault_3, armoury_1,
          mini_pit_1, grid_room_1, main_hall_1, silver_pit, the_coven_3,
          the_vestibule_1, steel_vault_5, golden_pit, hallway_of_sentries,
          crystal_vault_5, iron_vault_4, final_vault]

Skill      XL: |  1  2  3  4 |
---------------+-------------+-----
Dodging        | 3 4 5 |  5.4
Spellcasting   | 4 5 8 10 | 10.4
Earth Magic    | 4 5 7 9 |  9.6
Stealth        | 3 4 |  4.7
Transmutations | |  1.1

Action                   |  1- 3 |  4- 6 || total
-------------------------+-------+-------++-------
Melee: Mace              |       |     5 ||     5
 Cast: Sandblast         |    20 |     1 ||    21
       Stone Arrow       |     1 |     1 ||     2
       Lee's Rapid Decon |       |     5 ||     5
Armor: Robe              |       |     1 ||     1
Dodge: Dodged            |     5 |     2 ||     7

Table legend: (Time is in decaauts)
 A = Elapsed time spent in this place.
 B = Non-inter-level travel time spent in this place.
 C = Inter-level travel time spent in this place.
 D = Time resting spent in this place.
 E = Time spent auto-exploring this place.
 F = Levels seen in this place.
 G = Mean time per level.
                   A        B        C        D        E       F      G
               +--------+--------+--------+--------+--------+-----+--------+
         Total |    808 |    808 |      0 |    567 |     29 |   1 |  808.0 |
       Dungeon |    808 |    808 |      0 |    567 |     29 |   1 |  808.0 |
               +--------+--------+--------+--------+--------+-----+--------+

Top non-repeatable levels by time:
       D: 808 daAuts
